 Dungeon Crawl Stone Soup version 0.23.2-33-g5129a83184 (webtiles) character file.

Game seed: 16725771272679062733

74 funkygono the Shield-Bearer (level 4, -2/29 HPs)
             Began as a Gargoyle Fighter on July 20, 2019.
             Killed from afar by an orc wizard (5 damage)
             ... with a puff of frost
             ... on level 3 of the Dungeon.
             The game lasted 00:04:21 (1692 turns).

funkygono the Shield-Bearer (Gargoyle Fighter)      Turns: 1692, Time: 00:04:22

Health: -2/29      AC: 12    Str: 26    XL:     4   Next: 28%
Magic:  4/4        EV:  8    Int:  8    God:
Gold:   124        SH: 10    Dex:  9    Spells: 3/3 levels left

rFire    . . .     SeeInvis .   a - +0 flail
rCold    . . .     Gourm    .   c - +0 shield
rNeg     + . .     Faith    .   b - +0 scale mail
rPois    ∞         Spirit   .   j - +0 helmet
rElec    +         Reflect  .   i - +0 cloak
rCorr    .         Harm     .   (no gloves)
MR       .....                  (no boots)
Stlth    ..........             (no amulet)
HPRegen  0.09/turn              o - ring of flight
MPRegen  0.09/turn              (no ring)

@: mighty
A: negative energy resistance 1, electricity resistance, unbreathing,
petrification resistance, rot immunity, AC +3
a: Evoke Flight


You were on level 3 of the Dungeon.
You were not hungry.

You visited 1 branch of the dungeon, and saw 3 of its levels.

You collected 124 gold pieces.

Inventory:

Hand Weapons
 a - a +0 flail (weapon)
 r - a +4 quarterstaff of speed
Missiles
 l - 63 arrows
 n - 70 stones (quivered)
 s - 29 bolts
Armour
 b - a +0 scale mail (worn)
 c - a +0 shield (worn)
 i - a +0 cloak (worn)
 j - a +0 helmet (worn)
Jewellery
 o - a ring of flight (left hand)
Scrolls
 k - a scroll of remove curse
 q - 2 scrolls of identify
Potions
 d - a potion of might
 h - a potion of agility
 m - a potion of flight
Comestibles
 f - 3 rations
 g - a chunk of flesh


   Skills:
 + Level 3.7 Fighting
 + Level 2.6 Maces & Flails
 + Level 3.8 Armour
 + Level 0.6 Dodging
 + Level 4.2 Shields


You had 3 spell levels left.
You didn't know any spells.
Your spell library was empty.

Dungeon Overview and Level Annotations

Branches:
Dungeon (3/15)

Altars:


Innate Abilities, Weirdness & Mutations

You are resistant to torment.
Your stone body is resilient. (AC +3)
You are immune to poison.
You resist negative energy. (rN+)
You are resistant to electric shocks. (rElec)
You can survive without breathing.
You are immune to petrification.
You are immune to rotting.


Message History

Something hits you.
* * * LOW HITPOINT WARNING * * *
You closely miss something. Something hits you but does no damage.
You block something's attack.
You miss something.
Something hits you but does no damage. x2
You miss something. Something hits you but does no damage. Something hits you.
* * * LOW HITPOINT WARNING * * *
Your shield and scale mail prevent you from hitting something.
Something hits you but does no damage.
You miss something.
You hear some strange, mumbled words.
A magic dart appears from out of thin air!
The magic dart hits you but does no damage.
You block something's attack.
You miss something. Something hits you but does no damage.
You feel very mighty all of a sudden.
You hear some strange, mumbled words.
A puff of frost appears from out of thin air!
The puff of frost hits you.
You die...

......#
$.....#
......#
......#
..... ##!..
#o.# #{#
#@# #.# #
####.#.#
#......#
........###
..#######


You could see an orc.

Vanquished Creatures
  2 adders (D:2)
  4 worms (D:2)
  A leopard gecko (D:1)
  2 orcs (D:3)
  8 goblins
  A hobgoblin (D:2)
  7 jackals
  2 kobolds
  3 bats
  4 frilled lizards
  7 rats
41 creatures vanquished.

Notes
Turn   | Place    | Note
-------+----------+-------------------------------------------
     0 | D:1      | funkygono the Gargoyle Fighter began the quest for the Orb.
     0 | D:1      | Reached XP level 1. HP: 14/14 MP: 1/1
   149 | D:1      | Reached XP level 2. HP: 19/19 MP: 2/2
   948 | D:2      | Reached XP level 3. HP: 23/23 MP: 3/3
  1178 | D:2      | Found a faded altar of an unknown god.
  1246 | D:2      | Reached skill level 4 in Shields
  1246 | D:2      | Reached XP level 4. HP: 28/29 MP: 4/4
  1692 | D:3      | Killed from afar by an orc wizard

Skill      XL: |  1  2  3 |
---------------+----------+-----
Shields        | 4 |  4.2
Fighting       | |  3.7
Maces & Flails | |  2.6
Armour         | |  3.8
Dodging        | |  0.6

Action                   |  1- 3 |  4- 6 || total
-------------------------+-------+-------++-------
Melee: Flail             |   175 |    66 ||   241
  Use: Scroll            |     4 |     4 ||     8
       Potion            |       |     2 ||     2
  Eat: Chunk             |     2 |     1 ||     3
Armor: Scale mail        |   122 |    33 ||   155
Dodge: Dodged            |    77 |    15 ||    92
Block: Shield            |   124 |    25 ||   149
